 Dungeon Crawl Stone Soup version 0.22-a0-354-g30dfbe6fde (webtiles) character file.

262448 haldagan the Spry (level 19, -10/155 HPs)
             Began as a Barachi Assassin on Nov 21, 2017.
             Was the Champion of Wu Jian.
             Mangled by a deep troll (13 damage)
             ... led by an ironheart preserver
             ... on level 2 of the Vaults on Apr 16, 2018.
             The game lasted 03:27:33 (48084 turns).

haldagan the Spry (Barachi Assassin)               Turns: 48084, Time: 03:27:36

Health: -10/155    AC: 31    Str: 24    XL:     19   Next: 99%
Magic:  24/24      EV: 21    Int: 12    God:    Wu Jian [******]
Gold:   1330       SH: 14    Dex: 17    Spells: 24/24 levels left

rFire    + + .     SeeInvis .   a - +4 broad axe (vamp)
rCold    . . .     Gourm    .   x - +0 shield
rNeg     . . .     Faith    .   f - +8 plate armour "Sit Xoas" {rF+}
rPois    +         Spirit   .   S - +0 hat {MR+}
rElec    .         Reflect  .   c - scarf {cloud immunity}
rCorr    .         Harm     .   n - +2 pair of gloves {archery}
MR       ++...                  o - +1 pair of boots {Fly}
Stlth    ++........             H - amulet of magic regeneration
HPRegen  0.35/turn              X - +3 ring of evasion
MPRegen  0.44/turn              M - ring "Getaefeho" {rPois rF+ Str+5}

@: flying, slowed, drained, very slow
A: +LOS, swims, thin skeletal structure 1, mutation resistance 1, slowness 1,
strong legs 2
}: 2/15 runes: decaying, gossamer
a: Hop, Wall Jump, Serpent's Lash, Heavenly Storm, Renounce Religion, Stop
Flying


You were on level 2 of the Vaults.
You worshipped Wu Jian.
Wu Jian was exalted by your worship.
You were not hungry.

You visited 7 branches of the dungeon, and saw 34 of its levels.
You also visited: Labyrinth, Bailey and Ice Cave.

You collected 3116 gold pieces.
You spent 1786 gold pieces at shops.

Inventory:

Hand Weapons
 a - a +4 vampiric broad axe (weapon)
 b - a +4 rapier of protection
 m - the +2 hand crossbow of Nalonept {penet, Str+2}
   (You found it in a labyrinth)

   Ammo fired by it will pass through the targets it hits, potentially hitting
   all targets in its path until it reaches maximum range.
   It affects your strength (+2).
 D - a +0 dagger of venom
 Q - a +1 demon blade of electrocution
 V - a +1 dagger of electrocution
Missiles
 A - 436 bolts
 Z - 68 tomahawks of returning (quivered)
Armour
 c - a scarf of cloud immunity (worn)
 d - a +3 chain mail of magic resistance
 f - the +8 plate armour "Sit Xoas" (worn) {rF+}
   (You bought it in a shop on level 9 of the Dungeon)

   It protects you from fire.
 n - a +2 pair of gloves of archery (worn)
 o - a +1 pair of boots of flying (worn)
 u - the +1 leather armour of Opnierph {+Inv rC++ Str+5 Slay-2}
   (You found it in an ice cave)

   It affects your strength (+5).
   It affects your accuracy and damage with ranged weapons and melee attacks
   (-2).
   It greatly protects you from cold.
   It lets you turn invisible.
 x - a +0 shield (worn)
 G - the +1 chain mail "Doleso" {rCorr}
   (You found it on level 10 of the Dungeon)

   It protects you from acid and corrosion.
 I - the +2 ratskin cloak {+Rats rPois rN+ Str-1 Int-1 Dex+1}
   (You acquired it on level 2 of the Spider Nest)

   It affects your strength (-1).
   It affects your intelligence (-1).
   It affects your dexterity (+1).
   It protects you from poison.
   It protects you from negative energy.
 L - the +1 ring mail of Huphucz Woah {rF+ Int+7}
   (You found it in a labyrinth)

   It affects your intelligence (+7).
   It protects you from fire.
 S - a +0 hat of magic resistance (worn)
Jewellery
 i - an uncursed ring of protection from cold
 q - the ring of Yesterday {Int+6 Stlth+}
   (You found it on level 6 of the Lair of Beasts)

   [ring of stealth]

   It affects your intelligence (+6).
   It makes you more stealthy.
 w - an uncursed ring of resist corrosion
 E - an uncursed ring of protection from fire
 H - an amulet of magic regeneration (around neck)
 M - the ring "Getaefeho" (right hand) {rPois rF+ Str+5}
   (You bought it in a shop on level 9 of the Dungeon)

   [ring of poison resistance]

   It affects your strength (+5).
   It protects you from fire.
   It protects you from poison.
 N - an uncursed ring of wizardry
 T - a +4 ring of protection
 X - a +3 ring of evasion (left hand)
Wands
 v - a wand of iceblast (12)
 y - a wand of digging (59)
Scrolls
 h - 25 scrolls of remove curse
 r - 8 scrolls of amnesia
 t - 13 scrolls of teleportation
 F - 5 scrolls of fog
 J - 2 scrolls of blinking
 O - 3 scrolls of fear
 R - 5 scrolls of enchant weapon
 U - 9 scrolls of magic mapping
 W - 2 scrolls of enchant armour
 Y - 2 scrolls of immolation
Potions
 j - 10 potions of curing
 k - 6 potions of mutation
 l - 3 potions of berserk rage
 p - 3 potions of heal wounds
 s - 9 potions of magic
 z - 4 potions of haste
 B - 2 potions of might
 C - 5 potions of agility
 K - 4 potions of brilliance
Miscellaneous
 P - a lamp of fire (inert)
Comestibles
 g - 25 rations


   Skills:
 - Level 15.3(14.6) Fighting
 - Level 10.2 Short Blades
 * Level 6.1(8.9) Long Blades
 + Level 17.3(16.6) Axes
 - Level 2.0(1.5) Throwing
 - Level 16.2(15.5) Armour
 - Level 18.3(17.6) Dodging
 - Level 13.4(12.7) Stealth
 - Level 15.0(14.3) Shields
 + Level 3.4(2.9) Spellcasting


You had 24 spell levels left.
You didn't know any spells.

Dungeon Overview and Level Annotations

Branches:
Dungeon (15/15)            Temple (1/1) D:7            Lair (6/6) D:8
  Swamp (4/4) Lair:2       Spider (4/4) Lair:4        Slime (0/5) Lair:5
    Orc (2/2) D:12            Elf (0/3) Orc:2        Vaults (2/5) D:14
 Depths (0/5) D:15
  Crypt: Vaults:2-3

Altars:
Ashenzari
Cheibriados
Dithmenos
Elyvilon
Fedhas
Gozag
Hepliaklqana
Kikubaaqudgha
Makhleb
Nemelex Xobeh
Okawaru
Qazlal
Ru
Sif Muna
Trog
Uskayaw
Vehumet
Wu Jian
Xom
Yredelemnul
Zin
The Shining One
Beogh

Shops:
D:6 =   D:9 ***(   D:14 *   Orc:2 =*??   Vaults:1 *

Portals:
Trove: D:11 (give 8 potions of haste)

Annotations:
Vaults:2 Boris, Xtahua


Innate Abilities, Weirdness & Mutations

Shadows flee at your approach. (+LOS)
You can swim through water.
You cover ground slowly.
You can hop long distances.
You have a somewhat thin skeletal structure. (Dex +2, Stealth)
You are somewhat resistant to further mutation.


Message History

Xtahua breathes flames at you.
Helpless, you fail to dodge the searing blast.
You resist.
* * * LOW HITPOINT WARNING * * *
You can move again.
Unknown command.
Unknown command.
Unknown command.
Unknown command.
Unknown command.
Unknown command.
Unknown command.
Unknown command.
You feel much better. Xtahua bites you!!
* * * LOW HITPOINT WARNING * * *
You block Xtahua's attack. Xtahua misses you.
You block the deep troll's attack. The deep troll claws you.
* * * LOW HITPOINT WARNING * * *
The deep troll claws you!
You die...

##+#######
#ยง.....T..
#.....Tp..
#@T...T...
#DT.......
#.......$.
#######
#.........
......'
##########
...[..#
......# ###
......# #..
......' #..


You could see Xtahua, an ironheart preserver and 5 deep trolls.

Vanquished Creatures
  Saint Roka (Orc:2)
  Arachne (Spider:4)
  The ghost of MirrMurr the Warrior, an adept CeBe of Trog (Vaults:2)
  Rupert (D:15)
  Gastronok (Lair:1)
  3 thorn hunters
  A deep elf sorcerer (Vaults:1)
  An orc warlord (Orc:2)
  5 vault wardens
  5 ghost moths (Spider:4)
  3 emperor scorpions
  3 ironheart preservers (Vaults:1)
  A reaper (IceCv)
  A stone giant (Vaults:2)
  5 entropy weavers
  A deep elf annihilator (Vaults:1)
  3 spark wasps (Spider:4)
  A deep elf death mage (Vaults:1)
  A minotaur (Lab)
  Snorg (Lair:6)
  Josephine (Lair:5)
  A vault guard (D:14)
  A fire dragon (Vaults:1)
  5 yaktaur captains
  3 ice dragons
  18 hydras
  7 centaur warriors
  An anaconda (Lair:4)
  4 ghost crabs
  An ogre mage (Vaults:2)
  7 two-headed ogres
  9 alligators
  A tengu warrior (D:15)
  4 orc high priests (Orc:2)
  3 deep elf knights (Vaults:1)
  A shadow wraith (Vaults:1)
  A fire crab (shapeshifter) (D:14)
  2 skeletal warriors (Vaults:2)
  11 swamp dragons
  The ghost of psch the Spear-Bearer, a novice DsGl of Ashenzari (D:8)
  2 unseen horrors (Vaults:1)
  A glowing orange brain (Vaults:1)
  3 ironbrand convokers
  A lindwurm (shapeshifter) (Vaults:2)
  22 orb spiders
  Pikel (D:6)
  2 deep elf archers (Vaults:2)
  A wolf spider zombie (D:15)
  A spectral wolf spider (D:15)
  32 wolf spiders
  6 shambling mangroves
  10 orc knights
  4 harpies (Vaults:1)
  5 orc sorcerers
  9 deep elf magi
  2 oklob plants (Swamp:3)
  An orb spider (shapeshifter) (D:15)
  A cyclops (shapeshifter) (D:14)
  12 ugly things
  6 elephants (Lair:2)
  6 cyclopes
  2 manticores
  10 black mambas
  A moth of wrath (Spider:2)
  A stone giant skeleton (Vaults:2)
  5 vault sentinels (Vaults:2)
  A spiny frog (shapeshifter) (Vaults:1)
  2 ice statues (IceCv)
  13 yaktaurs
  2 torpor snails
  10 komodo dragons
  A freezing wraith (Vaults:1)
  30 spiny frogs
  5 rime drakes
  2 efreet
  20 demonic crawlers
  7 ice devils (IceCv)
  A human skeleton (Vaults:2)
  2 queen bees
  8 trolls
  A tengu conjurer (D:15)
  36 jumping spiders
  A meliai (shapeshifter) (Vaults:2)
  10 tyrant leeches
  Prince Ribbit (D:9)
  A raiju (shapeshifter) (Vaults:1)
  17 slime creatures
  5 hippogriffs
  23 hornets
  34 blink frogs
  3 bog bodies
  10 dream sheep
  A human simulacrum (Vaults:1)
  8 spriggans
  30 tarantellas
  A tarantella (shapeshifter) (Vaults:2)
  5 wraiths
  3 shadows
  103 redbacks
  2 vampires
  6 wyverns
  2 basilisks
  38 yaks
  2 steam dragons
  Grum (D:8)
  A yaktaur simulacrum (Vaults:2)
  22 vampire mosquitoes
  16 insubstantial wisps
  13 wargs
  2 acid dragons (D:14)
  A soldier ant (D:13)
  23 water moccasins
  15 swamp worms
  3 black bears
  10 porcupines
  12 swamp drakes
  2 sky beasts
  An ettin simulacrum (Vaults:2)
  52 orc warriors
  2 phantoms
  13 ice beasts
  2 necrophages
  10 wolves
  23 centaurs
  12 ogres
  The ghost of soonmide the Skirmisher, an amateur DsGl (D:3)
  18 crocodiles
  2 big kobolds
  A wyvern zombie (D:10)
  24 bullfrogs
  4 scorpions
  33 killer bees
  A howler monkey (D:4)
  9 electric eels
  8 crimson imps
  3 bullfrog zombies
  5 centaur zombies
  A quasit (D:11)
  6 hounds
  3 bullfrog skeletons
  7 jellies
  31 orc priests
  2 centaur skeletons
  Terence (D:2)
  3 iguanas
  20 orc wizards
  14 worker ants
  A hound skeleton (D:5)
  Robin (D:2)
  A worker ant zombie (D:9)
  17 gnolls
  13 adders
  A river rat (Lair:3)
  4 shadow imps
  6 white imps (IceCv)
  4 ufetubi (IceCv)
  An ooze (D:3)
  2 adder zombies
  9 worms
  6 dart slugs
  3 leopard geckos
  121 orcs
  A giant cockroach (D:6)
  26 goblins
  30 hobgoblins
  2 jackals (D:3)
  22 kobolds
  5 quokkas
  11 bats
  5 frilled lizards
  A leopard gecko skeleton (D:4)
  A quokka skeleton (D:10)
  5 rats
1448 creatures vanquished.

Vanquished Creatures (collateral kills)
  A hound (D:9)
1 creature vanquished.

Vanquished Creatures (others)
  A hydra (Swamp:4)
  An unseen horror (D:15)
  A swamp dragon (Swamp:4)
  A necromancer (Vaults:2)
  2 wolf spiders (Spider:4)
  A deep elf mage (Vaults:1)
  A hornet (Spider:4)
  3 redbacks
  A spriggan (Swamp:3)
  A vampire mosquito (Swamp:4)
  4 insubstantial wisps (Swamp:4)
  A swamp drake (Swamp:4)
  A sky beast (D:10)
  2 slaves (D:7)
  An orc priest (D:15)
  3 white imps (IceCv)
  8 ufetubi (IceCv)
  3 briar patches (Swamp:3)
  32 fungi
  46 plants
114 creatures vanquished.

Grand Total: 1563 creatures vanquished

Notes
Turn   | Place    | Note
-------+----------+-------------------------------------------
     0 | D:1      | haldagan the Barachi Assassin began the quest for the Orb.
     0 | D:1      | Reached XP level 1. HP: 17/17 MP: 1/1
   399 | D:1      | Reached XP level 2. HP: 19/23 MP: 2/2
  1019 | D:1      | Reached XP level 3. HP: 27/28 MP: 3/3
  1600 | D:2      | Reached skill level 2 in Dodging
  1600 | D:2      | Reached XP level 4. HP: 17/35 MP: 4/4
  2076 | D:2      | Noticed Terence
  2093 | D:2      | Killed Terence
  2248 | D:2      | Reached XP level 5. HP: 41/41 MP: 5/5
  2991 | D:3      | Found a blossoming altar of Fedhas.
  3049 | D:3      | Reached skill level 3 in Dodging
  3160 | D:3      | Noticed soonmide's ghost (amateur DsGl)
  3201 | D:3      | Noticed Robin
  3241 | D:2      | Reached XP level 6. HP: 38/48 MP: 6/6
  3244 | D:2      | Killed Robin
  3366 | D:3      | Reached skill level 5 in Short Blades
  3559 | D:3      | Killed soonmide's ghost
  3792 | D:4      | Reached skill level 1 in Armour
  3792 | D:4      | Reached XP level 7. HP: 49/55 MP: 7/7
  3997 | D:4      | Reached skill level 5 in Fighting
  4684 | D:4      | Gained mutation: You are somewhat resistant to further mutation. [potion of mutation]
  4684 | D:4      | Gained mutation: You have a somewhat thin skeletal structure. (Dex +2, Stealth) [potion of mutation]
  4776 | D:5      | Entered Level 5 of the Dungeon
  4795 | D:5      | Reached XP level 8. HP: 63/63 MP: 8/8
  5368 | D:5      | Reached skill level 5 in Armour
  5932 | D:6      | Found Noet's Jewellery Shop.
  5936 | D:6      | Got a crude robe
  5944 | D:6      | Identified the +1 robe of the Black Moon {rCorr Str-3 SInv Stlth+} (You found it on level 6 of the Dungeon)
  5958 | D:6      | Bought a cursed ring of loudness for 58 gold pieces
  6302 | D:7      | Noticed Pikel
  6312 | D:6      | Killed Pikel
  6312 | D:6      | Reached XP level 9. HP: 72/72 MP: 9/9
  6654 | D:7      | Found a sacrificial altar of Ru.
  6738 | D:7      | Found a staircase to the Ecumenical Temple.
  6907 | Temple   | Entered the Ecumenical Temple
  7007 | Temple   | Became a worshipper of the Wu Jian Council
  7394 | D:8      | Found a staircase to the Lair.
  7728 | D:8      | Noticed psch's ghost (novice DsGl)
  7762 | D:8      | Killed psch's ghost
  7762 | D:8      | Reached skill level 10 in Short Blades
  7762 | D:8      | Reached XP level 10. HP: 62/80 MP: 10/10
  7922 | D:8      | Noticed Grum
  7960 | D:7      | Reached skill level 1 in Shields
  8111 | D:8      | Killed Grum
  8391 | D:8      | Got a shimmering robe
  8392 | D:8      | Identified the +1 robe of Ciost {MP+9 Dex+3} (You found it on level 8 of the Dungeon)
  8743 | D:9      | Found Pitso's Weapon Shop.
  8762 | D:9      | Reached * piety under Wu Jian
  8799 | D:9      | Found a flagged portal.
  8813 | Bailey   | Entered a bailey
  9154 | Bailey   | Reached ** piety under Wu Jian
  9204 | Bailey   | Identified a scroll of acquirement
  9233 | Bailey   | Reached skill level 10 in Armour
  9546 | D:9      | Found Ymomoaq's General Store.
  9705 | D:9      | Found Bophan's General Store.
  9714 | D:9      | Bought a scroll of immolation for 38 gold pieces
  9791 | D:9      | Found Ruowit's Assorted Antiques.
  9812 | D:9      | Bought a slimy platinum ring for 130 gold pieces
  9812 | D:9      | Identified the ring "Getaefeho" {rPois rF+ Str+5} (You bought it in a shop on level 9 of the Dungeon)
  9843 | D:9      | Noticed Prince Ribbit
  9850 | D:9      | Killed Prince Ribbit
 10000 | D:10     | Entered Level 10 of the Dungeon
 10024 | D:10     | Got a crude chain mail
 10045 | D:9      | Identified the +1 chain mail "Doleso" {rCorr} (You found it on level 10 of the Dungeon)
 10269 | D:10     | Reached skill level 10 in Fighting
 10277 | D:10     | Reached *** piety under Wu Jian
 10279 | D:10     | Reached XP level 11. HP: 85/91 MP: 11/11
 10446 | D:10     | Noticed an ice dragon
 10453 | D:10     | Killed an ice dragon
 10674 | D:10     | Noticed an ice dragon
 10683 | D:10     | Killed an ice dragon
 10842 | D:10     | Noticed a manticore
 10863 | D:10     | Killed a manticore
 10863 | D:10     | Reached skill level 5 in Shields
 10999 | D:10     | Noticed a five-headed hydra
 11009 | D:10     | Killed a one-headed hydra
 11205 | D:10     | Noticed a yaktaur captain
 11208 | D:10     | Noticed a yaktaur captain
 11228 | D:10     | Killed a yaktaur captain
 11234 | D:10     | Killed a yaktaur captain
 11864 | Lair:1   | Entered Level 1 of the Lair of Beasts
 11864 | Lair:1   | Noticed Gastronok
 11890 | Lair:1   | Killed Gastronok
 11890 | Lair:1   | Reached XP level 12. HP: 38/103 MP: 12/12
 12446 | Lair:1   | Noticed an eight-headed hydra
 12457 | Lair:1   | Killed an eight-headed hydra
 12704 | Lair:1   | Reached **** piety under Wu Jian
 13263 | Lair:2   | Found a staircase to the Swamp.
 14081 | Lair:2   | Noticed a six-headed hydra
 14091 | Lair:2   | Killed a one-headed hydra
 14091 | Lair:2   | Reached skill level 5 in Stealth
 14642 | Lair:3   | Gained mutation: You can hop long distances. [Barachi growth]
 14642 | Lair:3   | Reached XP level 13. HP: 37/111 MP: 13/13
 15011 | Lair:2   | Upgraded the game from 0.21-a0-465-g8120a92d9c to 0.21-a0-630-g344d3514eb
 15370 | Lair:3   | Reached ***** piety under Wu Jian
 15477 | Lair:3   | Reached skill level 10 in Shields
 17197 | Lair:4   | Found a hole to the Spider Nest.
 18043 | Lair:5   | Found a staircase to the Slime Pits.
 18074 | Lair:5   | Reached skill level 15 in Armour
 18250 | Lair:5   | Noticed Josephine
 18257 | Lair:5   | Killed Josephine
 18263 | Lair:5   | Reached XP level 14. HP: 62/121 MP: 14/14
 19208 | Lair:6   | Entered Level 6 of the Lair of Beasts
 19918 | Lair:5   | Reached skill level 10 in Stealth
 20868 | Lair:5   | Reached skill level 15 in Fighting
 21227 | Lair:6   | Noticed Snorg
 21241 | Lair:6   | Killed Snorg
 22250 | Lair:6   | Got a faintly glowing pewter ring
 22251 | Lair:6   | Identified the ring of Yesterday {Int+6 Stlth+} (You found it on level 6 of the Lair of Beasts)
 22759 | D:9      | Bought a transparent plate armour for 728 gold pieces
 22760 | D:9      | Identified the +8 plate armour "Sit Xoas" {rF+} (You bought it in a shop on level 9 of the Dungeon)
 23102 | D:11     | Found a shadowy altar of Dithmenos.
 23140 | D:11     | Found a portal to a secret trove of treasure.
 23322 | D:11     | Reached skill level 1 in Axes
 23339 | D:11     | Reached XP level 15. HP: 129/129 MP: 15/15
 23559 | D:12     | Found a labyrinth entrance.
 23603 | Lab      | Entered a labyrinth
 24761 | Lab      | Got a bloodstained ring mail
 24785 | Lab      | Got a transparent hand crossbow
 24787 | Lab      | Identified the +2 hand crossbow of Nalonept {penet, Str+2} (You found it in a labyrinth)
 24823 | Lab      | Identified the +1 ring mail of Huphucz Woah {rF+ Int+7} (You found it in a labyrinth)
 25049 | D:12     | Found a staircase to the Orcish Mines.
 25090 | Orc:1    | Entered Level 1 of the Orcish Mines
 25393 | Orc:2    | Entered Level 2 of the Orcish Mines
 25720 | Orc:2    | Got an iridescent longbow
 25721 | Orc:2    | Identified the +9 longbow of Fischue Veth {venom, rElec} (You acquired it on level 2 of the Orcish Mines)
 26078 | Orc:2    | Noticed Saint Roka
 26122 | Orc:2    | Killed Saint Roka
 26592 | Orc:2    | Found a staircase to the Elven Halls.
 26649 | Orc:2    | Reached ****** piety under Wu Jian
 26654 | Orc:2    | Reached skill level 5 in Axes
 26720 | Orc:2    | Found a roughly hewn altar of Beogh.
 26756 | Orc:2    | Reached skill level 4 in Dodging
 26977 | Orc:2    | Found Xajygg's Jewellery Shoppe.
 27301 | Orc:2    | Reached skill level 5 in Dodging
 27308 | Orc:2    | Found Neomirch's General Store.
 27795 | Orc:2    | Found a roughly hewn altar of Beogh.
 27876 | Orc:2    | Reached skill level 6 in Dodging
 28116 | Orc:2    | Found Umnobist's Magic Scroll Emporium.
 28121 | Orc:2    | Bought a scroll of acquirement for 832 gold pieces
 28128 | Orc:2    | Got a jewelled hand crossbow
 28129 | Orc:2    | Identified the +6 hand crossbow "Eront" {velocity, +Fly rPois Dex-5 Stlth+} (You acquired it on level 2 of the Orcish Mines)
 28139 | Orc:2    | Found Bydgh's Magic Scroll Shoppe.
 28139 | Orc:2    | Noticed an orc warlord
 28143 | Orc:2    | Killed an orc warlord
 28493 | Orc:2    | Reached skill level 7 in Dodging
 28554 | Orc:2    | Upgraded the game from 0.21-a0-630-g344d3514eb to 0.22-a0-354-g30dfbe6fde
 28631 | D:13     | Found a frozen archway.
 28662 | IceCv    | Entered an ice cave
 29513 | IceCv    | Reached skill level 8 in Dodging
 29741 | IceCv    | Got a jewelled leather armour
 30251 | D:13     | Reached skill level 9 in Dodging
 30396 | D:13     | Identified the +1 leather armour of Opnierph {+Inv rC++ Str+5 Slay-2} (You found it in an ice cave)
 30660 | D:14     | Found a radiant altar of Vehumet.
 30731 | D:14     | Found Uskiquol's Assorted Antiques.
 30768 | D:14     | Reached XP level 16. HP: 129/136 MP: 16/16
 31350 | D:14     | Reached skill level 10 in Dodging
 31409 | D:14     | Found a gate to the Vaults.
 31477 | D:15     | Entered Level 15 of the Dungeon
 32013 | D:15     | Noticed Rupert
 32098 | D:15     | Killed Rupert
 32098 | D:15     | Reached skill level 11 in Dodging
 33069 | D:15     | Reached skill level 12 in Dodging
 33235 | D:15     | Found a staircase to the Depths.
 33900 | Swamp:1  | Entered Level 1 of the Swamp
 34087 | Swamp:1  | Reached skill level 10 in Axes
 35229 | Swamp:1  | Reached skill level 13 in Dodging
 36883 | Swamp:3  | Reached skill level 14 in Dodging
 37045 | Swamp:3  | Reached XP level 17. HP: 141/142 MP: 17/17
 38814 | Swamp:4  | Entered Level 4 of the Swamp
 38852 | Swamp:4  | Reached skill level 15 in Dodging
 38898 | Swamp:4  | Got a decaying rune of Zot
 39923 | Spider:1 | Entered Level 1 of the Spider Nest
 40563 | Spider:1 | Reached skill level 16 in Dodging
 41364 | Spider:2 | Reached XP level 18. HP: 116/149 MP: 18/18
 42138 | Spider:2 | Found the +2 ratskin cloak {+Rats rPois rN+ Str-1 Int-1 Dex+1}
 42747 | Spider:3 | Reached skill level 17 in Dodging
 42833 | Spider:3 | Reached skill level 15 in Axes
 43493 | Spider:4 | Entered Level 4 of the Spider Nest
 44234 | Spider:4 | Noticed Arachne
 44271 | Spider:4 | Killed Arachne
 44301 | Spider:4 | Reached skill level 18 in Dodging
 44312 | Spider:4 | Reached XP level 19. HP: 155/155 MP: 0/19
 44639 | Spider:4 | Got a gossamer rune of Zot
 45355 | Vaults:1 | Entered Level 1 of the Vaults
 46152 | Vaults:1 | Found Olohischonic's General Store.
 46359 | Vaults:1 | Reached skill level 15 in Shields
 46394 | Vaults:1 | Reached skill level 1 in Long Blades
 46557 | Vaults:1 | Reached skill level 1 in Spellcasting
 47467 | Vaults:2 | Reached skill level 5 in Long Blades
 47495 | Vaults:2 | Noticed MirrMurr's ghost (adept CeBe)
 47522 | Vaults:2 | Killed MirrMurr's ghost
 48041 | Vaults:2 | Noticed Boris
 48082 | Vaults:2 | Noticed Xtahua
 48082 | Vaults:2 | Paralysed by Xtahua for 2 turns
 48084 | Vaults:2 | HP: 7/155 [Xtahua (19)]
 48084 | Vaults:2 | HP: 3/155 [deep troll[an ironheart preserver] (4)]
 48084 | Vaults:2 | Mangled by a deep troll

Vault maps used:
D:1:      sevenhm_arrival_forest_fort_small_3
D:2:      uniq_terence
D:3:      first_bread, fedhas_altar_2, uniq_robin
D:4:      grunt_decor_mini_mirrors
D:6:      serial_shops, nicolae_shop_trees
D:7:      marbit_many_paths, minmay_temple_entry_enclosed_plants, the_bakery,
          uniq_pikel
D:8:      grunt_lair_entry_orc_guard_hut, minivault_1, uniq_grum
D:9:      serial_shops, shop, nicolae_shop_crystal, shop, nicolae_shop_crystal,
          enter_bailey_3, uniq_prince_ribbit1
D:10:     minmay_the_grid_3x3, nrook_mini_vaults, hex_medium,
          palyth_stone_intersect
D:11:     wad_pebble_path, basic_altar, nicolae_trove_entry_columns
D:12:     orc_0_dummy, lab_entry_generic, uniq_sonja
D:13:     portal_ice_cave_entry_ice_beasts
D:14:     david_vaults_5, serial_shops, shop, basic_altar
D:15:     grunt_enter_depths_snipers, roderic_lattice_octagonal_star,
          hangedman_weighted_door, nrook_mini_backslash, minmay_door_square,
          uniq_rupert
Temple:   grunt_wide_crystal_templ
Lair:1:   lemuel_fruit_tree, grunt_megastairs_2, uniq_gastronok
Lair:2:   minmay_swamp_entry_eels, grunt_megastairs_3
Lair:3:   regret_index_tunnel_blossom, beast_lair_carwin_10,
          serial_bayou_shore_b
Lair:4:   beast_lair_carwin_large_1, spider_nest_entry_web_field,
          minmay_stone_trees_small, nicolae_quartered_pool_medium
Lair:5:   minmay_slime_entry_pillars, disabler_island, serial_bayou_shore_b,
          uniq_josephine
Lair:6:   minmay_lair_end_frog_pond, uniq_snorg
Swamp:1:  serial_swamp_ruin, evilmike_swamp_ruin_house_5,
          evilmike_swamp_ruin_house_4, hangedman_swamp_ruin_wall
Swamp:2:  evilmike_swamp_ruin_house_1
Swamp:3:  nicolae_swamp_phyte_club, infiniplex_staircase_pool, swamp_pool5
Swamp:4:  swamp
Spider:1: nicolae_spider_circle_web
Spider:4: johnstein_spider_rune_arachne_lair, spider_trap, hive_lemuel
Orc:2:    pubby_orc_utopia, serial_shops
Vaults:1: nicolae_vaults_specimen_jars, ontoclasm_vaults_idyll,
          vaults_mumra_lcd, v_misc_29, st_lattice,
          vaults_room_grunt_arrival_ludios, nicolae_vaults_little_squares_3,
          vaults_dpeg_encased_lava, ontoclasm_vaults_chip, v_misc_28,
          serial_shops, nicolae_shop_trees
Vaults:2: nicolae_vaults_windows_and_doors_thing, nicolae_vaults_what_the_h,
          ontoclasm_vaults_misaligned, vaults_standard_mumra_x,
          hangedman_vaults_slice, v_misc_3, nicolae_vaults_big_angled_halls,
          vaults_room_corners, vaults_mumra_bighexcomb,
          minmay_crypt_entry_skeletal_spiral, v_alt_pattern_1,
          nicolae_vaults_asterisk, vaults_dpeg_ring,
          nicolae_vaults_little_squares_5, uniq_boris, uniq_xtahua
Lab:      labyrinth_mini_lab
Bailey:   bailey_axe_2, bailey
IceCv:    ice_cave_small_demon

Skill      XL: |  1  2  3  4  5  6  7  8  9 10 11 12 13 14 15 16 17 18 19 |
---------------+----------------------------------------------------------+-----
Short Blades   | 3 4 5 6 8 10 | 10.2
Fighting       | 3 4 5 7 8 10 12 13 14 15 | 15.3
Dodging        | 2 3 9 14 16 18 | 18.3
Armour         | 1 3 7 9 11 13 14 15 16 | 16.2
Shields        | 3 6 8 11 13 15 | 15.0
Stealth        | 6 9 11 12 13 | 13.4
Axes           | 1 7 11 13 16 17 | 17.3
Long Blades    | 6 |  6.1
Spellcasting   | 3 |  3.4
Throwing       | |  2.0

Action                   |  1- 3 |  4- 6 |  7- 9 | 10-12 | 13-15 | 16-18 | 19-21 || total
-------------------------+-------+-------+-------+-------+-------+-------+-------++-------
Melee: Dagger            |    83 |   245 |   433 |  1150 |  3763 |  2403 |       ||  8077
       Scimitar          |       |       |       |    14 |       |       |       ||    14
       Demon whip        |       |       |       |       |       |    22 |       ||    22
       Demon blade       |       |       |       |       |       |     7 |       ||     7
       Rapier            |       |       |       |       |       |     3 |       ||     3
       Broad axe         |       |       |       |       |       |  1778 |   869 ||  2647
 Fire: Blowgun           |     7 |       |       |       |       |       |       ||     7
Throw: Throwing net      |       |     1 |       |       |       |       |       ||     1
       Tomahawk          |       |       |       |     6 |       |     2 |       ||     8
Invok: Serpent's Lash    |       |       |       |     1 |     8 |     3 |       ||    12
       Whirlwind         |       |       |       |       |  1140 |  1726 |   332 ||  3198
       Wall Jump         |       |       |       |       |   188 |   185 |    23 ||   396
       Lunge             |       |       |       |       |   110 |   109 |    55 ||   274
       Heavenly Storm    |       |       |       |       |     1 |     2 |       ||     3
 Abil: Hop               |     3 |     2 |     4 |     2 |     7 |     1 |       ||    19
Evoke: Wand              |       |       |       |     6 |    26 |    16 |     6 ||    54
       Lamp of fire      |       |       |       |       |       |     1 |     1 ||     2
  Use: Potion            |       |       |     7 |     6 |     3 |     4 |     1 ||    21
       Scroll            |       |       |     6 |    17 |    15 |     9 |     1 ||    48
 Stab: Sleeping          |     4 |     7 |       |       |     5 |     3 |     2 ||    21
       Distracted        |       |     2 |       |       |     1 |     6 |     1 ||    10
       Paralysed         |       |       |       |       |     4 |       |       ||     4
       Confused          |       |       |       |       |       |     1 |       ||     1
  Eat: Chunk             |     2 |     8 |    13 |    21 |    35 |    29 |     8 ||   116
       Buggy fruit       |       |       |     1 |     1 |       |       |       ||     2
       Buggy jelly       |       |       |       |     2 |       |       |       ||     2
       Ration            |       |       |       |       |     9 |    10 |     3 ||    22
Armor: Robe              |    24 |    48 |       |       |       |       |       ||    72
       Chain mail        |       |    12 |   183 |   321 |   331 |       |       ||   847
       Plate armour      |       |       |       |       |   280 |  1635 |   271 ||  2186
Dodge: Dodged            |    66 |   132 |   118 |   393 |   699 |  2463 |   347 ||  4218
Block: Shield            |       |       |       |   113 |  1076 |  2116 |   383 ||  3688
       Rpst.: Scimitar   |       |       |       |     1 |       |       |       ||     1
       Demon blade       |       |       |       |       |       |     2 |       ||     2

Table legend:
 A = Spawn XP
 B = Non-spawn XP
 C = Spawn XP percentage of total XP
 D = Spawn monster count
 E = Non-spawn monster count
 F = Spawn count percentage of total count
 G = Total turns spent on level
                    A         B        C        D         E        F      G
               +---------+---------+-------+---------+---------+-------+---------
         Total |       0 |  398620 |   0.0 |       0 |    1461 |   0.0 | 48084
               +---------+---------+-------+---------+---------+-------+---------
           D:1 |       0 |      46 |   0.0 |       0 |      25 |   0.0 |  1824
           D:2 |       0 |     162 |   0.0 |       0 |      32 |   0.0 |  1166
           D:3 |       0 |     346 |   0.0 |       0 |      43 |   0.0 |   762
           D:4 |       0 |     633 |   0.0 |       0 |      18 |   0.0 |  1024
           D:5 |       0 |     624 |   0.0 |       0 |      20 |   0.0 |   907
           D:6 |       0 |    1133 |   0.0 |       0 |      16 |   0.0 |   633
           D:7 |       0 |    1084 |   0.0 |       0 |      11 |   0.0 |  1089
           D:8 |       0 |    2027 |   0.0 |       0 |      22 |   0.0 |  1266
           D:9 |       0 |    1158 |   0.0 |       0 |      19 |   0.0 |   746
          D:10 |       0 |    9673 |   0.0 |       0 |      55 |   0.0 |  1823
          D:11 |       0 |    2383 |   0.0 |       0 |      19 |   0.0 |   812
          D:12 |       0 |     556 |   0.0 |       0 |      13 |   0.0 |   253
          D:13 |       0 |    8924 |   0.0 |       0 |      47 |   0.0 |   822
          D:14 |       0 |    7020 |   0.0 |       0 |      23 |   0.0 |   981
          D:15 |       0 |   21689 |   0.0 |       0 |      48 |   0.0 |  2177
        Lair:1 |       0 |    6310 |   0.0 |       0 |      16 |   0.0 |  1434
        Lair:2 |       0 |    8641 |   0.0 |       0 |      33 |   0.0 |  2206
        Lair:3 |       0 |   10685 |   0.0 |       0 |      68 |   0.0 |  1144
        Lair:4 |       0 |    8185 |   0.0 |       0 |      27 |   0.0 |  1152
        Lair:5 |       0 |   14356 |   0.0 |       0 |      60 |   0.0 |  3255
        Lair:6 |       0 |   19297 |   0.0 |       0 |      70 |   0.0 |  1889
       Swamp:1 |       0 |   10778 |   0.0 |       0 |      28 |   0.0 |  1757
       Swamp:2 |       0 |    9000 |   0.0 |       0 |      32 |   0.0 |  1628
       Swamp:3 |       0 |   19464 |   0.0 |       0 |      34 |   0.0 |  1591
       Swamp:4 |       0 |   25898 |   0.0 |       0 |      63 |   0.0 |   987
      Spider:1 |       0 |   18262 |   0.0 |       0 |      62 |   0.0 |  1404
      Spider:2 |       0 |   27631 |   0.0 |       0 |      83 |   0.0 |  1414
      Spider:3 |       0 |   13567 |   0.0 |       0 |      35 |   0.0 |  1067
      Spider:4 |       0 |   48734 |   0.0 |       0 |     104 |   0.0 |  1310
         Orc:1 |       0 |    2824 |   0.0 |       0 |      34 |   0.0 |   471
         Orc:2 |       0 |   23863 |   0.0 |       0 |     142 |   0.0 |  3024
      Vaults:1 |       0 |   39411 |   0.0 |       0 |      53 |   0.0 |  1528
      Vaults:2 |       0 |   28692 |   0.0 |       0 |      51 |   0.0 |  1201
           Lab |       0 |    1138 |   0.0 |       0 |       1 |   0.0 |  1312
        Bailey |       0 |     360 |   0.0 |       0 |      34 |   0.0 |   710
         IceCv |       0 |    4066 |   0.0 |       0 |      20 |   0.0 |  1197
               +---------+---------+-------+---------+---------+-------+---------
